| TOP OF THE 1ST |
|
Shreveport Braves batting - Pitching for Albuquerque Dukes : LHP Craig Henderson
|
|
Pitching: LHP Craig Henderson
|
|
|
Batting: LHB Robert Loscalzo
|
0-0: Ball 1-0: Ground out 3-1 (Groundball, 34, EV 102.5 MPH)
|
|
Batting: LHB Rusty McNealy
|
0-0: Ball 1-0: Ball 2-0: Fly out, F9 (Line Drive, 9, EV 93.1 MPH)
|
|
Batting: RHB Thomas Popovich
|
0-0: Swinging Strike 0-1: Called Strike 0-2: Foul Ball, location: 2F 0-2: Ball 1-2: Ball 2-2: Ball 3-2: Strikes out swinging
|
| Top of the 1st over - 0 runs, 0 hits, 0 errors, 0 left on base; Shreveport 0 - Albuquerque 0 |
| BOTTOM OF THE 1ST |
|
Albuquerque Dukes batting - Pitching for Shreveport Braves : RHP Dana Kiecker
|
|
Pitching: RHP Dana Kiecker
|
|
|
Batting: RHB Jack Lopez
|
0-0: Ground out 6-3 (Groundball, 6, EV 101.9 MPH)
|
|
Batting: LHB Rodney Kemp
|
0-0: Called Strike 0-1: Ball 1-1: Swinging Strike 1-2: Strikes out swinging
|
|
Batting: LHB Dave Yobs
|
0-0: Called Strike 0-1: Ball 1-1: Ground out 6-3 (Groundball, 56, EV 101.9 MPH)
|
| Bottom of the 1st over - 0 runs, 0 hits, 0 errors, 0 left on base; Shreveport 0 - Albuquerque 0 |
| TOP OF THE 2ND |
|
Shreveport Braves batting - Pitching for Albuquerque Dukes : LHP Craig Henderson
|
|
Batting: LHB Tracy Dophied
|
0-0: Ball 1-0: Fly out, F8 (Flyball, 8LXD, EV 104.4 MPH)
|
|
Batting: RHB Glenn Walker
|
0-0: Fly out, F8 (Flyball, 8LD, EV 98.1 MPH)
|
|
Batting: LHB Ronald Walker
|
0-0: Foul Ball, location: 2F 0-1: Fly out, F9 (Line Drive, 9, EV 92.5 MPH)
|
| Top of the 2nd over - 0 runs, 0 hits, 0 errors, 0 left on base; Shreveport 0 - Albuquerque 0 |
| BOTTOM OF THE 2ND |
|
Albuquerque Dukes batting - Pitching for Shreveport Braves : RHP Dana Kiecker
|
|
Batting: RHB James Oros
|
0-0: Swinging Strike 0-1: Ball 1-1: Ball 2-1: Ball 3-1: Foul Ball, location: 2F 3-2: Fly out, F9 (Flyball, 9, EV 84.4 MPH)
|
|
Batting: LHB Andres Romero
|
0-0: Ball 1-0: Foul Ball, location: 2F 1-1: Fly out, F3 (Line Drive, 3, EV 77.5 MPH)
|
|
Batting: LHB Matthew Henderson
|
0-0: Ball 1-0: Ball 2-0: Ball 3-0: Base on Balls
|
|
Batting: RHB Steven Houlberg
|
0-0: Ball 1-0: Ball 2-0: Ball 3-0: Foul Ball, location: 2F 3-1: Foul Ball, location: 2F 3-2: Strikes out swinging
|
| Bottom of the 2nd over - 0 runs, 0 hits, 0 errors, 1 left on base; Shreveport 0 - Albuquerque 0 |
| TOP OF THE 3RD |
|
Shreveport Braves batting - Pitching for Albuquerque Dukes : LHP Craig Henderson
|
|
Batting: RHB Jeff Matthews
|
0-0: Swinging Strike 0-1: Ball 1-1: Foul Ball, location: 2F 1-2: DOUBLE (Groundball, 3L, EV 106.9 MPH)
|
|
Batting: SHB Michael Lessard
|
0-0: Swinging Strike 0-1: Swinging Strike 0-2: Strikes out swinging
|
|
Batting: RHB Dave Buffamoyer
|
0-0: Called Strike 0-1: Ball 1-1: Ball 2-1: Called Strike 2-2: Strikes out swinging
|
|
Batting: LHB Robert Loscalzo
|
0-0: Ball 1-0: Ball 2-0: Foul Ball, location: 2F 2-1: Called Strike 2-2: Ground out 4-3 (Groundball, 4, EV 88.1 MPH)
|
| Top of the 3rd over - 0 runs, 1 hit, 0 errors, 1 left on base; Shreveport 0 - Albuquerque 0 |
| BOTTOM OF THE 3RD |
|
Albuquerque Dukes batting - Pitching for Shreveport Braves : RHP Dana Kiecker
|
|
Batting: LHB Sal Rende
|
0-0: Fly out, F7 (Flyball, 7, EV 91.3 MPH)
|
|
Batting: RHB Michael Williams
|
0-0: Called Strike 0-1: Foul Ball, location: 2F 0-2: Strikes out looking
|
|
Batting: RHB Jack Lopez
|
0-0: Called Strike 0-1: Ground out 6-3 (Groundball, 6M, EV 93.1 MPH)
|
| Bottom of the 3rd over - 0 runs, 0 hits, 0 errors, 0 left on base; Shreveport 0 - Albuquerque 0 |
| TOP OF THE 4TH |
|
Shreveport Braves batting - Pitching for Albuquerque Dukes : LHP Craig Henderson
|
|
Batting: LHB Rusty McNealy
|
0-0: Foul Ball, location: 2F 0-1: Called Strike 0-2: Ball 1-2: Foul Ball, location: 2F 1-2: Ball 2-2: Ball 3-2: Foul Ball, location: 2F 3-2: Foul Ball, location: 2F 3-2: Foul Ball, location: 2F 3-2: Base on Balls
|
|
Batting: RHB Thomas Popovich
|
0-0: Ball 1-0: Ball 2-0: Ball 3-0: Called Strike 3-1: Foul Ball, location: 2F 3-2: Strikes out swinging Rusty McNealy steals 2nd base Batter strikes out.
|
|
Batting: LHB Tracy Dophied
|
0-0: Ball 1-0: Called Strike 1-1: Ball 2-1: Foul Ball, location: 2F 2-2: Fly out, F7 (Flyball, 7, EV 91.3 MPH)
|
|
Batting: RHB Glenn Walker
|
0-0: Ball 1-0: Ground out 6-3 (Groundball, 56, EV 96.9 MPH)
|
| Top of the 4th over - 0 runs, 0 hits, 0 errors, 1 left on base; Shreveport 0 - Albuquerque 0 |
| BOTTOM OF THE 4TH |
|
Albuquerque Dukes batting - Pitching for Shreveport Braves : RHP Dana Kiecker
|
|
Batting: LHB Rodney Kemp
|
0-0: Ball 1-0: Called Strike 1-1: Ball 2-1: Foul Ball, location: 2F 2-2: Ground out 4-3 (Groundball, 34, EV 80.0 MPH)
|
|
Batting: LHB Dave Yobs
|
0-0: Foul Ball, location: 2F 0-1: Foul Ball, location: 2F 0-2: Ball 1-2: Foul Ball, location: 2F 1-2: SINGLE (Groundball, 56D, EV 107.5 MPH)
|
|
Batting: RHB James Oros
|
0-0: Ball 1-0: Foul Ball, location: 2F 1-1: Foul Ball, location: 2F 1-2: Foul Ball, location: 2F 1-2: Strikes out swinging
|
|
Batting: LHB Andres Romero
|
0-0: Ball 1-0: Called Strike 1-1: Foul Ball, location: 2F 1-2: Ball 2-2: SINGLE (Groundball, 34D, EV 105.0 MPH) Dave Yobs to second Runner from 2nd tries for 3rd, SAFE, throw by RF made to third
|
|
Batting: LHB Matthew Henderson
|
0-0: Foul Ball, location: 2F 0-1: Ball 1-1: Ball 2-1: Ball 3-1: Base on Balls Andres Romero to second
|
|
Batting: RHB Steven Houlberg
|
0-0: Ball 1-0: SINGLE (Groundball, 56, EV 86.3 MPH) (infield hit) Dave Yobs scores Andres Romero to third Matthew Henderson to second
|
|
Batting: LHB Sal Rende
|
0-0: Swinging Strike 0-1: Called Strike 0-2: Ball 1-2: Fly out, F8 (Flyball, 8RM, EV 88.8 MPH)
|
| Bottom of the 4th over - 1 run, 3 hits, 0 errors, 3 left on base; Shreveport 0 - Albuquerque 1 |
| TOP OF THE 5TH |
|
Shreveport Braves batting - Pitching for Albuquerque Dukes : LHP Craig Henderson
|
|
Batting: LHB Ronald Walker
|
0-0: Ball 1-0: Ball 2-0: Foul Ball, location: 2F 2-1: Fly out, F8 (Flyball, 8RD, EV 94.4 MPH)
|
|
Batting: RHB Jeff Matthews
|
0-0: Called Strike 0-1: Fly out, F8 (Flyball, 8RM, EV 85.0 MPH)
|
|
Batting: SHB Michael Lessard
|
0-0: Ball 1-0: Swinging Strike 1-1: Ball 2-1: Swinging Strike 2-2: Foul Ball, location: 2F 2-2: Strikes out swinging
|
| Top of the 5th over - 0 runs, 0 hits, 0 errors, 0 left on base; Shreveport 0 - Albuquerque 1 |
| BOTTOM OF THE 5TH |
|
Albuquerque Dukes batting - Pitching for Shreveport Braves : RHP Dana Kiecker
|
|
Batting: RHB Michael Williams
|
0-0: SINGLE (Line Drive, 8RS, EV 100.6 MPH)
|
|
Batting: RHB Jack Lopez
|
0-0: Grounds into double play, 4-3-6 (Groundball, 34, EV 101.9 MPH)
|
|
Batting: LHB Rodney Kemp
|
0-0: Ball 1-0: Ground out 1-3 (Groundball, 34S, EV 69.4 MPH)
|
| Bottom of the 5th over - 0 runs, 1 hit, 0 errors, 0 left on base; Shreveport 0 - Albuquerque 1 |
| TOP OF THE 6TH |
|
Shreveport Braves batting - Pitching for Albuquerque Dukes : LHP Craig Henderson
|
|
Batting: RHB Dave Buffamoyer
|
0-0: Ball 1-0: Ball 2-0: Ground out 6-3 (Groundball, 56D, EV 76.9 MPH)
|
|
Batting: LHB Robert Loscalzo
|
0-0: Swinging Strike 0-1: Ball 1-1: Foul Ball, location: 2F 1-2: Ball 2-2: Strikes out swinging
|
|
Batting: LHB Rusty McNealy
|
0-0: Ball 1-0: Ball 2-0: Called Strike 2-1: Fly out, F8 (Flyball, 8LD, EV 86.3 MPH)
|
| Top of the 6th over - 0 runs, 0 hits, 0 errors, 0 left on base; Shreveport 0 - Albuquerque 1 |
| BOTTOM OF THE 6TH |
|
Albuquerque Dukes batting - Pitching for Shreveport Braves : RHP Dana Kiecker
|
|
Batting: LHB Dave Yobs
|
0-0: Swinging Strike 0-1: Ball 1-1: Ball 2-1: Ground out 5-3 (Groundball, 56S, EV 85.6 MPH)
|
|
Batting: RHB James Oros
|
0-0: Ball 1-0: Ball 2-0: Foul Ball, location: 2F 2-1: Ball 3-1: Base on Balls
|
|
Batting: LHB Andres Romero
|
0-0: DOUBLE (Flyball, 8LXD, EV 100.0 MPH) James Oros to third
|
|
Batting: LHB Matthew Henderson
|
0-0: Intentional Walk
|
|
Batting: RHB Steven Houlberg
|
0-0: Called Strike 0-1: Swinging Strike 0-2: Ball 1-2: Ball 2-2: Foul Ball, location: 2F 2-2: Strikes out swinging
|
|
Batting: LHB Sal Rende
|
0-0: Ball 1-0: Ball 2-0: Ball 3-0: Called Strike 3-1: Swinging Strike 3-2: SINGLE (Line Drive, 9LS, EV 107.5 MPH) James Oros scores Andres Romero to third Matthew Henderson to second Andres Romero scores Matthew Henderson to third
|
|
Batting: RHB Michael Williams
|
0-0: Ball 1-0: Called Strike 1-1: Swinging Strike 1-2: Ball 2-2: Foul Ball, location: 2F 2-2: Foul Ball, location: 2F 2-2: Fielders Choice at 2nd, 5-4 (Groundball, 5, EV 101.9 MPH)
|
| Bottom of the 6th over - 2 runs, 2 hits, 0 errors, 2 left on base; Shreveport 0 - Albuquerque 3 |
| TOP OF THE 7TH |
|
Shreveport Braves batting - Pitching for Albuquerque Dukes : LHP Craig Henderson
|
|
Batting: RHB Thomas Popovich
|
0-0: Foul Ball, location: 2F 0-1: Ball 1-1: Swinging Strike 1-2: Strikes out swinging
|
|
Batting: LHB Tracy Dophied
|
0-0: Foul Ball, location: 2F 0-1: Ball 1-1: Called Strike 1-2: Fly out, F9 (Line Drive, 9D, EV 98.1 MPH)
|
|
Batting: RHB Glenn Walker
|
0-0: Ball 1-0: Fly out, F8 (Flyball, 8LM, EV 93.1 MPH)
|
| Top of the 7th over - 0 runs, 0 hits, 0 errors, 0 left on base; Shreveport 0 - Albuquerque 3 |
| BOTTOM OF THE 7TH |
|
Albuquerque Dukes batting - Pitching for Shreveport Braves : RHP Dana Kiecker
|
|
Batting: RHB Jack Lopez
|
0-0: Fly out, F6 (Line Drive, 6, EV 65.6 MPH)
|
|
Batting: LHB Rodney Kemp
|
0-0: Ball 1-0: Ball 2-0: Foul Ball, location: 2F 2-1: Foul Ball, location: 2F 2-2: SINGLE (Groundball, 3S, EV 75.0 MPH) (infield hit)
|
|
Batting: LHB Dave Yobs
|
0-0: Ball 1-0: Ball 2-0: Swinging Strike 2-1: Swinging Strike 2-2: Ground out U3 (Groundball, 3, EV 75.6 MPH) Rodney Kemp to second
|
|
Batting: RHB James Oros
|
0-0: 2-RUN HOME RUN (Flyball, 7LD, EV 100.6 MPH), Distance : 370 ft
|
|
Pitching: RHP Cecilio Guante
|
|
|
Batting: LHB Andres Romero
|
0-0: Called Strike 0-1: Ball 1-1: Fly out, F8 (Flyball, 89D, EV 86.3 MPH)
|
| Bottom of the 7th over - 2 runs, 2 hits, 0 errors, 0 left on base; Shreveport 0 - Albuquerque 5 |
| TOP OF THE 8TH |
|
Shreveport Braves batting - Pitching for Albuquerque Dukes : LHP Craig Henderson
|
|
Batting: LHB Ronald Walker
|
0-0: Ball 1-0: Called Strike 1-1: Foul Ball, location: 2F 1-2: Ball 2-2: Ball 3-2: Base on Balls
|
|
Batting: RHB Jeff Matthews
|
0-0: Called Strike 0-1: Foul Ball, location: 2F 0-2: Ball 1-2: Foul Ball, location: 2F 1-2: DOUBLE (Line Drive, 7LS, EV 98.1 MPH) Ronald Walker to third
|
|
Batting: SHB Michael Lessard
|
0-0: Ball 1-0: SINGLE (Groundball, 15S, EV 63.8 MPH) (infield hit)
|
|
Batting: RHB Dave Buffamoyer
|
0-0: Swinging Strike 0-1: Ball 1-1: Ball 2-1: Foul Ball, location: 2F 2-2: Ball 3-2: Fly out, F5 (Popup, 25F, EV 83.1 MPH)
|
|
Batting: LHB Robert Loscalzo
|
0-0: Ball 1-0: Swinging Strike 1-1: Foul Ball, location: 2F 1-2: Ball 2-2: Foul Ball, location: 2F 2-2: SINGLE (Groundball, 56D, EV 100.0 MPH) Ronald Walker scores Jeff Matthews to third Michael Lessard to second Runner from 3rd tries for Home, SAFE, throw by LF to home
|
|
Batting: LHB Rusty McNealy
|
0-0: Fielders Choice at 2nd, 6-4 (Groundball, 6, EV 100.6 MPH) Michael Lessard to third
|
|
Batting: RHB Thomas Popovich
|
0-0: Ball 1-0: Ball 2-0: Ball 3-0: Base on Balls Rusty McNealy to second
|
|
Batting: LHB Tracy Dophied
|
0-0: Called Strike 0-1: Ball 1-1: Swinging Strike 1-2: Ball 2-2: Foul Ball, location: 2F 2-2: Ball 3-2: Foul Ball, location: 2F 3-2: Strikes out swinging
|
| Top of the 8th over - 2 runs, 3 hits, 0 errors, 3 left on base; Shreveport 2 - Albuquerque 5 |
| BOTTOM OF THE 8TH |
|
Albuquerque Dukes batting - Pitching for Shreveport Braves : RHP Cecilio Guante
|
|
Batting: LHB Matthew Henderson
|
0-0: Foul Ball, location: 2F 0-1: SINGLE (Line Drive, 78M, EV 100.6 MPH)
|
|
Batting: RHB Steven Houlberg
|
0-0: Ball 1-0: Ball 2-0: Ball 3-0: Base on Balls Matthew Henderson to second
|
|
Batting: LHB Sal Rende
|
0-0: Grounds into double play, 4-6-3 (Groundball, 4S, EV 80.0 MPH) Matthew Henderson to third
|
|
Batting: RHB Michael Williams
|
0-0: DOUBLE (Line Drive, 78D, EV 102.5 MPH) Matthew Henderson scores
|
|
Batting: RHB Jack Lopez
|
0-0: Swinging Strike 0-1: Swinging Strike 0-2: Ball 1-2: Ball 2-2: Foul Ball, location: 2F 2-2: Strikes out looking
|
| Bottom of the 8th over - 1 run, 2 hits, 0 errors, 1 left on base; Shreveport 2 - Albuquerque 6 |
| TOP OF THE 9TH |
|
Shreveport Braves batting - Pitching for Albuquerque Dukes : LHP Craig Henderson
|
|
Batting: RHB Glenn Walker
|
0-0: Called Strike 0-1: Called Strike 0-2: Strikes out swinging
|
|
Batting: LHB Ronald Walker
|
0-0: Called Strike 0-1: Fly out, F3 (Popup, 3S, EV 71.9 MPH)
|
|
Batting: RHB Jeff Matthews
|
0-0: Fly out, F8 (Flyball, 8RM, EV 93.1 MPH)
|
| Top of the 9th over - 0 runs, 0 hits, 0 errors, 0 left on base; Shreveport 2 - Albuquerque 6 |
|